 Dungeon Crawl Stone Soup version 0.19.4-9-g45fd643 (webtiles) character file.

8785 empire the Slicer (level 11, -2/89 HPs)
             Began as a Black Draconian Monk on Feb 16, 2017.
             Was a High Priest of Nemelex Xobeh.
             Slain by a wight
             ... wielding a +3 trident
              (9 damage)
             ... on level 10 of the Dungeon on Feb 17, 2017.
             The game lasted 00:36:19 (12925 turns).

empire the Slicer (Black Draconian Monk)           Turns: 12925, Time: 00:36:20

Health: -2/89      AC: 10    Str: 14    XL:     11   Next: 14%
Magic:  15/15      EV: 17    Int: 11    God:    Nemelex Xobeh [*****.]
Gold:   682        SH:  0    Dex: 19    Spells: 4 memorised, 7 levels left

rFire  . . .     SeeInvis .     b - +4 scimitar (flame)
rCold  . . .     Gourm    .     (armour unavailable)
rNeg   . . .     Faith    .     (no shield)
rPois  +         Spirit   .     (helmet restricted)
rElec  +         Reflect  .     G - +0 cloak of a bailey {Dex+3}
rCorr  +         Harm     .     (no gloves)
MR     .....                    k - +1 pair of boots
Stlth  ++++......               m - amulet of rage
                                o - ring of poison resistance
                                t - ring of resist corrosion

@: no status effects
A: breathe lightning, unfitting armour, electricity resistance, cold-blooded, AC
+7
a: Breathe Lightning, Triple Draw, Deal Four, Stack Five, Renounce Religion,
Evoke Berserk Rage


You were on level 10 of the Dungeon.
You worshipped Nemelex Xobeh.
Nemelex Xobeh was extremely pleased with you.
You were not hungry.

You visited 3 branches of the dungeon, and saw 12 of its levels.

You collected 682 gold pieces.

Inventory:

Hand Weapons
 a - a +4 short sword of draining
 b - a +4 scimitar of flaming (weapon)
Armour
 k - a +1 pair of boots (worn)
 G - the +0 cloak of a bailey (worn) {Dex+3}
   (You found it on level 6 of the Dungeon)

   It affects your dexterity (+3).
Jewellery
 m - an amulet of rage (around neck)
 o - a ring of poison resistance (right hand)
 q - an uncursed ring of positive energy
 t - a ring of resist corrosion (left hand)
 I - an uncursed ring of protection from cold
Wands
 s - a wand of confusion (28/48)
 v - a wand of iceblast (0/15)
 A - a wand of polymorph (12/24)
 D - a wand of teleportation (2/9)
 T - a wand of flame (23/48)
 V - a wand of slowing (21/48)
Scrolls
 h - a scroll of enchant armour
 r - 3 scrolls of enchant weapon
 y - 7 scrolls of teleportation
 B - 2 scrolls of remove curse
 C - 2 scrolls of blinking
 F - 2 scrolls of fog
Potions
 c - 3 potions of ambrosia
 i - 2 potions of curing
 j - 2 potions of flight
 p - a potion of haste {unknown}
 u - 2 potions of agility {unknown}
 E - a potion of cancellation {unknown}
 L - a potion of heal wounds {unknown}
 M - 2 potions of mutation {unknown}
 W - a potion of invisibility {unknown}
Miscellaneous
 e - an ornate deck of summoning
 g - a legendary deck of destruction
 l - an ornate deck of summoning {drawn: 1}
 z - an ornate deck of destruction {drawn: 6}
 H - a plain deck of escape
 U - a box of beasts
 X - a legendary deck of summoning
 Z - a legendary deck of destruction
Comestibles
 d - 3 beef jerkies
 f - 6 meat rations
 n - 10 bread rations


   Skills:
 + Level 5.7 Fighting
 + Level 9.1 Short Blades
 - Level 1.0 Throwing
 + Level 6.9 Dodging
 + Level 6.2 Stealth
 - Level 3.1 Spellcasting
 - Level 6.8 Hexes
 - Level 4.0 Ice Magic
 + Level 4.2 Invocations
 + Level 4.2 Evocations


You had 7 spell levels left.
You knew the following spells:

 Your Spells              Type           Power        Failure   Level  Hunger
a - Ensorcelled Hibernat  Hex/Ice        ##....       4%          2    ###....
b - Confuse               Hex            ###.....     6%          3    ###....
c - Tukima's Dance        Hex            ###.....     6%          3    ###....
d - Corona                Hex            ###....      1%          1    #......


Dungeon Overview and Level Annotations

Branches:
Dungeon (10/15)            Temple (1/1) D:4            Lair (1/6) D:8
    Orc: D:9-12

Altars:
Ashenzari
Cheibriados
Dithmenos
Elyvilon
Fedhas
Gozag
Hepliaklqana
Kikubaaqudgha
Makhleb
Nemelex Xobeh
Okawaru
Qazlal
Ru
Sif Muna
Trog
Uskayaw
Vehumet
Xom
Yredelemnul
Zin
The Shining One
Beogh

Shops:
D:9 (

Annotations:
D:4 exclusion: statue


Innate Abilities, Weirdness & Mutations

You can breathe wild blasts of lightning.
Your glossy black scales are hard. (AC +7)
You cannot fit into any form of body armour.
You are resistant to electric shocks. (rElec)
You are cold-blooded and may be slowed by cold attacks.


Message History

The explosion engulfs something.
You feel a surge of magic. Something barely misses you. Something hits you.
* * * LOW HITPOINT WARNING * * *
Deactivating autopickup; reactivate with Ctrl-A.
Evoke which item? (* to show all) (? for menu, Esc to quit)
Zapping:
D - a wand of teleportation (3/9)
Press: ? - help, Shift-Dir - straight line, f - you You feel strangely unstable.
This wand has 2 charges left.
Something hits you.
* * * LOW HITPOINT WARNING * * *
Something barely misses you.
You have got your breath back.
Something hits you but does no damage. Something hits you.
* * * LOW HITPOINT WARNING * * *
Your surroundings suddenly seem different.
You barely miss the wight. The wight completely misses you.
The wight hits you from afar with an enchanted trident!
You die...
Your body glows with a rainbow of weird colours and disappears.

#.......#.###.# #....
#.......#...#.# #.###
#.......###.#.# #.## #<......#
#.#.# #..# #.......#
#.#.##########.# #.......#
#.#.#....?.....# # #.......#
#.#.#.########.##
#######.......###......#....))...
.....#########z.@...#.##.#####...
.....################.##.......##
.........................>###.##
.....###################.## #.#
.#.### #.........# #.# #.### ##.#
#.........#####.# #.... #.#
#...............# ##### #.#
#.........####### #.# #.........#


You could see a wight.

Vanquished Creatures
  A hydra (D:10)
  A hill giant (D:10)
  Pikel (D:5)
  A komodo dragon (Lair:1)
  The ghost of galech the Ruffian, an amateur TrMo (D:5)
  Grinder (D:5)
  A two-headed ogre (D:10)
  Prince Ribbit (D:8)
  A hippogriff (D:9)
  A basilisk (Lair:1)
  Eustachio (D:5)
  8 yaks
  3 orc warriors
  A slave (D:5)
  A sky beast (D:10)
  An eye of draining (D:9)
  2 ogres (D:5)
  5 centaurs
  2 crocodiles
  4 bullfrogs
  5 scorpions
  9 killer bees
  2 wights (D:10)
  3 electric eels (Lair:1)
  2 howler monkeys (D:8)
  5 crimson imps
  2 centaur zombies
  2 hounds (D:8)
  A quasit (D:9)
  4 orc priests
  2 bullfrog skeletons
  8 orc wizards
  3 jellies
  Jessica (D:2)
  2 iguanas (D:8)
  9 worker ants
  A gnoll (D:1)
  5 adders
  3 shadow imps
  2 oozes
  3 worms
  3 dart slugs
  8 leopard geckos
  42 orcs
  5 bats
  3 giant cockroaches
  6 hobgoblins
  10 jackals
  A quokka (D:7)
  5 frilled lizards
  A giant cockroach zombie (D:5)
  7 goblins
  A jackal skeleton (D:5)
  7 kobolds
  A leopard gecko skeleton (D:4)
  2 quokka skeletons (D:9)
  8 rats
222 creatures vanquished.

Vanquished Creatures (collateral kills)
  Erica (D:8)
  2 orc warriors
  An ogre (D:6)
  A bullfrog (D:6)
  A scorpion (D:6)
  A hound (D:6)
  An orc priest (D:10)
  4 orc wizards
  An iguana (D:8)
  9 orcs
  A giant cockroach (D:6)
  3 jackals (D:6)
  A rat (D:6)
27 creatures vanquished.

Vanquished Creatures (others)
  2 orc warriors (D:6)
  A crimson imp (D:5)
  A quasit (D:6)
  3 orc priests
  An orc wizard (D:6)
  A worker ant (D:7)
  8 orcs
  A giant cockroach (D:5)
  A jackal (D:6)
  A jackal skeleton (D:5)
  2 fire vortices (D:8)
22 creatures vanquished.

Grand Total: 271 creatures vanquished

Notes
Turn   | Place    | Note
-------+----------+-------------------------------------------
     0 | D:1      | empire the Draconian Monk began the quest for the Orb.
     0 | D:1      | Reached XP level 1. HP: 19/19 MP: 1/1
   540 | D:1      | Reached XP level 2. HP: 26/26 MP: 2/2
  1510 | D:2      | Reached XP level 3. HP: 25/31 MP: 3/3
  1900 | D:2      | Reached skill level 4 in Short Blades
  2103 | D:2      | Reached XP level 4. HP: 38/38 MP: 4/4
  2629 | D:2      | Noticed Jessica
  2636 | D:2      | Killed Jessica
  3320 | D:3      | Reached XP level 5. HP: 43/45 MP: 5/5
  3693 | D:4      | HP: 2/45 [orc wizard/magic dart (8)]
  4029 | D:4      | Found a staircase to the Ecumenical Temple.
  4046 | Temple   | Entered the Ecumenical Temple
  4244 | Temple   | Became a worshipper of Nemelex Xobeh the Trickster
  4244 | Temple   | Received a gift from Nemelex Xobeh
  4244 | Temple   | Reached * piety under Nemelex Xobeh
  4244 | Temple   | Received a gift from Nemelex Xobeh
  4244 | Temple   | Received a gift from Nemelex Xobeh
  4244 | Temple   | Reached ** piety under Nemelex Xobeh
  4275 | D:4      | Reached skill level 1 in Evocations
  4275 | D:4      | Reached XP level 6. HP: 51/51 MP: 6/6
  4455 | D:4      | Reached skill level 1 in Throwing
  4469 | D:4      | Reached skill level 5 in Short Blades
  4723 | D:4      | Found a radiant altar of Vehumet.
  5057 | D:5      | Entered Level 5 of the Dungeon
  5064 | D:5      | Reached skill level 1 in Invocations
  5071 | D:5      | Received a gift from Nemelex Xobeh
  5243 | D:5      | Noticed Grinder
  5260 | D:5      | Killed Grinder
  5260 | D:5      | Your scales start taking on a glossy black colour.
  5260 | D:5      | Reached XP level 7. HP: 51/59 MP: 8/8
  5260 | D:5      | Gained mutation: You are resistant to electric shocks. (rElec) [Black Draconian growth]
  5273 | D:5      | Noticed Eustachio
  5295 | D:5      | Killed Eustachio
  5295 | D:5      | Reached skill level 5 in Stealth
  5604 | D:5      | Reached XP level 8. HP: 19/67 MP: 9/9
  5835 | D:5      | Learned a level 2 spell: Ensorcelled Hibernation
  5875 | D:5      | Noticed galech's ghost (amateur TrMo)
  5928 | D:5      | Noticed Pikel
  5932 | D:5      | Killed Pikel
  6299 | D:5      | Killed galech's ghost
  6304 | D:5      | Learned a level 3 spell: Confuse
  6424 | D:6      | Reached XP level 9. HP: 38/72 MP: 13/13
  6612 | D:6      | Got a polished cloak
  6613 | D:6      | Identified the +0 cloak of a bailey {Dex+3} (You found it on level 6 of the Dungeon)
  6632 | D:6      | Received a gift from Nemelex Xobeh
  6827 | D:6      | Found a runed door.
  6848 | D:6      | Reached skill level 6 in Short Blades
  6869 | D:6      | Reached skill level 5 in Hexes
  7151 | D:6      | Found a roughly hewn altar of Beogh.
  7170 | D:6      | Learned a level 3 spell: Tukima's Dance
  7172 | D:6      | Learned a level 1 spell: Corona
  7326 | D:7      | Reached *** piety under Nemelex Xobeh
  7877 | D:7      | Got a pitted mace
  7900 | D:7      | Reached skill level 7 in Short Blades
  7907 | D:7      | Found a stormy altar of Qazlal.
  8068 | D:8      | Noticed Prince Ribbit
  8193 | D:8      | Killed Prince Ribbit
  8233 | D:8      | Noticed Erica
  8250 | D:8      | Killed Erica
  8250 | D:8      | Reached skill level 5 in Dodging
  8646 | D:9      | Reached XP level 10. HP: 80/80 MP: 14/14
  8991 | D:8      | Reached skill level 8 in Short Blades
  9366 | D:8      | Found a snail-covered altar of Cheibriados.
  9441 | D:8      | Found a staircase to the Lair.
  9629 | Lair:1   | Entered Level 1 of the Lair of Beasts
  9797 | Lair:1   | Reached **** piety under Nemelex Xobeh
  9901 | Lair:1   | Received a gift from Nemelex Xobeh
 10087 | Lair:1   | Received a gift from Nemelex Xobeh
 11039 | D:9      | Found Ucleh's Weapon Emporium.
 11105 | D:9      | Received a gift from Nemelex Xobeh
 11365 | D:9      | Reached skill level 5 in Fighting
 11669 | D:9      | Reached ***** piety under Nemelex Xobeh
 12123 | D:10     | Entered Level 10 of the Dungeon
 12544 | D:10     | Received a gift from Nemelex Xobeh
 12615 | D:10     | Found a blossoming altar of Fedhas.
 12673 | D:10     | Noticed a hill giant
 12682 | D:10     | Noticed a six-headed hydra
 12696 | D:10     | Reached skill level 9 in Short Blades
 12697 | D:10     | Killed a six-headed hydra
 12697 | D:10     | Reached XP level 11. HP: 71/88 MP: 15/15
 12704 | D:10     | Killed a hill giant
 12925 | D:10     | Slain by a wight

Skill      XL: |  1  2  3  4  5  6  7  8  9 10 11 |
---------------+----------------------------------+-----
Stealth        | 2 3 4 5 6 |  6.2
Short Blades   | 4 5 7 9 |  9.1
Evocations     | 1 2 3 4 |  4.2
Dodging        | 3 5 6 |  6.9
Throwing       | 1 |  1.0
Fighting       | 4 5 |  5.7
Invocations    | 1 2 4 |  4.2
Spellcasting   | 3 |  3.1
Hexes          | 3 6 |  6.8
Ice Magic      | 3 4 |  4.0

Action                   |  1- 3 |  4- 6 |  7- 9 | 10-12 || total
-------------------------+-------+-------+-------+-------++-------
Melee: Short sword       |   122 |   270 |   166 |    85 ||   643
       Tailslap          |    18 |    32 |    53 |    55 ||   158
       Falchion          |       |       |    75 |       ||    75
       Scimitar          |       |       |       |   164 ||   164
Throw: Javelin           |       |       |       |     3 ||     3
 Abil: Breathe Lightning |       |       |     3 |     2 ||     5
Evoke: Wand              |       |       |    24 |     9 ||    33
       Deck              |       |       |    16 |     8 ||    24
  Use: Scroll            |       |    11 |    11 |     6 ||    28
       Potion            |       |     2 |     3 |     1 ||     6
 Stab: Sleeping          |     9 |     8 |     1 |     8 ||    26
       Distracted        |       |       |     2 |       ||     2
  Eat: Chunk             |     2 |    10 |    13 |     6 ||    31
       Meat ration       |       |       |       |     1 ||     1
       Royal jelly       |       |       |       |     1 ||     1
       Pizza             |       |       |       |     1 ||     1
Armor: Skin              |    28 |    64 |    71 |    81 ||   244
Dodge: Dodged            |    71 |   139 |   175 |   287 ||   672
       Rpst.: Falchion   |       |       |    21 |       ||    21
       Scimitar          |       |       |       |    62 ||    62
